 Dungeon Crawl Stone Soup version 0.29.1-15-g9cfb28693d (webtiles) character file.

Game seed: 9083375674619169207

74 vishdafish the Conjurer (level 4, 0/30 HPs)
             Began as a Demonspawn Conjurer on Mar 29, 2023.
             Slain by an orc priest
             ... wielding a +0 club
              (3 damage)
             ... on level 3 of the Dungeon.
             The game lasted 00:02:05 (1796 turns).

vishdafish the Conjurer (Demonspawn Conjurer)       Turns: 1796, Time: 00:02:05

Health: 0/30       AC:  3    Str:  8    XL:     4   Next: 10%
Magic:  8/8        EV: 16    Int: 21    God:
Gold:   41         SH:  0    Dex: 11    Spells: 8/9 levels left

rFire   . . .      SeeInvis .   j - +0 dagger
rCold   . . .      Faith    .   (no shield)
rNeg    . . .      Spirit   .   a - +0 robe
rPois   .          Reflect  .   k - +0 helmet
rElec   .          Harm     .   (no cloak)
rCorr   .          Rampage  .   (gloves unavailable)
Will    .....                   (no boots)
Stlth   ++........              (no amulet)
HPRegen 0.10/turn               i - +4 ring of evasion
MPRegen 0.11/turn               (no ring)

@: no status effects
A: claws 3
a: no special abilities


You were on level 3 of the Dungeon.
You visited 1 branch of the dungeon, and saw 3 of its levels.

You collected 41 gold pieces.

Inventory:

Hand Weapons
 j - a +0 dagger (weapon)
Armour
 a - a +0 robe (worn)
 k - a +0 helmet (worn)
Jewellery
 h - an amulet of guardian spirit
 i - a +4 ring of evasion (left claw)
Scrolls
 c - 2 scrolls of teleportation {unknown}
 e - a scroll of summoning {unknown}
 f - 2 scrolls of identify {unknown}
Potions
 d - a potion of berserk rage {unknown}
 g - 2 potions of heal wounds {unknown}
 l - a potion of lignification {unknown}


   Skills:
 - Level 1.9 Dodging
 - Level 2.0 Stealth
 + Level 3.1 Spellcasting
 + Level 4.8 Conjurations


You had 8 spell levels left.
You knew the following spells:

 Your Spells              Type           Power      Damage    Failure   Level
a - Magic Dart            Conj           92%        1d7       1%          1

Your spell library contained the following spells:

 Spells                   Type           Power      Damage    Failure   Level
 Searing Ray              Conj           46%        2d6       2%          2
 Conjure Flame            Conj/Fire      13%        6-21      14%         3
 Dazzling Flash           Conj/Hex       26%        N/A       14%         3
 Ignite Poison            Fire/Tmut/Pois 3%         N/A       36%         3
 Fulminant Prism          Conj/Hex       6%         3d7       43%         4
 Iskenderun's Mystic Bla  Conj/Tloc      13%        2d5       43%         4
 Sticky Flame             Conj/Fire      13%        2d4       43%         4


Dungeon Overview and Level Annotations

Branches:
Dungeon (3/15)

Altars:


Innate Abilities, Weirdness & Mutations

You have claws for hands.


Message History

An orc priest is nearby!
The magic dart hits the orc priest.
The orc priest is lightly wounded.
The orc priest shouts!
An orc comes into view. It is wielding a +0 short sword.
The magic dart hits the orc.
The orc is moderately wounded.
The orc shouts!
The magic dart hits the orc.
You kill the orc!
The magic dart hits the orc priest but does no damage.
The orc priest is lightly wounded.
The magic dart hits the orc priest.
The orc priest is moderately wounded.
The magic dart hits the orc priest.
The orc priest is heavily wounded.
The magic dart hits the orc priest.
The orc priest is heavily wounded.
The orc priest begins to cast a cantrip, but forgets the words!
You are out of magic!
You are out of magic!
The orc priest invokes the aid of Beogh against you.
Pain shoots through your body!
An orc comes into view. It is wielding a +0 whip.
The orc priest hits you but does no damage.
The orc shouts!
You hit the orc priest but do no damage.
The orc priest is heavily wounded.
The orc priest misses you.
You closely miss the orc priest.
The orc priest is heavily wounded.
The orc priest barely misses you.
You barely miss the orc priest.
The orc priest is heavily wounded.
The orc priest mumbles some strange prayers to Beogh against you.
Beogh smites you!
* * * LOW HITPOINT WARNING * * *
You are too injured to fight recklessly!
Magic courses through your body. The orc priest hits you with a +0 club.
You die...

#.# #... #.# #.## . #.#
#.## #' #.# #.## ...
#.### #.## .... ##.#.##
#.## ..).. ##...#.# #.##
.....o####...#.######...
...)..o@.....>..........
......####...#.########.
..... ##.##.# #. ....
####.# #. ... ..# #. #+
### #. #. #. ..


You could see an orc priest and an orc.

Vanquished Creatures
  Robin (D:2)
  2 adders (D:2)
  2 orcs (D:3)
  4 ball pythons
  2 endoplasms (D:1)
  A giant cockroach (D:3)
  15 goblins
  3 hobgoblins
  4 kobolds (D:1)
  2 quokkas
  A bat (D:1)
  2 frilled lizards
  2 rats (D:1)
41 creatures vanquished.

Notes
Turn   | Place    | Note
-------+----------+-------------------------------------------
     0 | D:1      | vishdafish the Demonspawn Conjurer began the quest for the
                  | Orb.
     0 | D:1      | Reached XP level 1. HP: 13/13 MP: 3/3
   355 | D:1      | Gained mutation: You have sharp fingernails. [demonic
                  | ancestry]
   355 | D:1      | Reached XP level 2. HP: 19/19 MP: 1/5
   587 | D:1      | Found a faded altar of an unknown god.
   951 | D:2      | Noticed Robin
   967 | D:2      | Gained mutation: You have very sharp fingernails. [demonic
                  | ancestry]
   967 | D:2      | Reached XP level 3. HP: 24/24 MP: 3/6
  1161 | D:2      | Killed Robin
  1545 | D:3      | Gained mutation: You have claws for hands. [demonic
                  | ancestry]
  1545 | D:3      | Reached XP level 4. HP: 30/30 MP: 6/8
  1796 | D:3      | Slain by an orc priest

Illustrated notes

Levels and vault maps discovered:
D:1:      eino_arrival_cavern_e, layout_rooms, shapermc_ecumenical_altar_gd
D:2:      layout_basic, basic_altar, amcnicky_mini_corridor_feature, uniq_robin
D:3:      layout_loops_corners, uniq_ijyb

Skill      XL: |  1  2  3 |
---------------+----------+-----
Stealth        | 2 |  2.0
Spellcasting   | 3 |  3.1
Dodging        | |  1.9
Conjurations   | |  4.8

Action                   |  1- 3 |  4- 6 || total
-------------------------+-------+-------++-------
Melee: Dagger            |    19 |     3 ||    22
 Cast: Magic Dart        |    66 |    15 ||    81
  Use: Potion            |       |     1 ||     1
Armor: Robe              |     1 |     1 ||     2
Dodge: Dodged            |    21 |     2 ||    23
